 Dungeon Crawl Stone Soup version 0.29.1-13-g9f3cf754e1 (webtiles) character file.

Game seed: 1653808081812626125

186 croobank the Chiller (level 5, -1/34 HPs)
             Began as an Octopode Ice Elementalist on Feb 10, 2023.
             Slain by a scorpion zombie (4 damage)
             ... on level 4 of the Dungeon.
             The game lasted 00:07:59 (3787 turns).

croobank the Chiller (Octopode Ice Elementalist)    Turns: 3787, Time: 00:08:00

Health: -1/34      AC:  1    Str:  7    XL:     5   Next: 65%
Magic:  6/9        EV: 14    Int: 20    God:
Gold:   238        SH:  0    Dex: 18    Spells: 5/9 levels left

rFire   . . .      SeeInvis .   a - +1 short sword (flame)
rCold   . . .      Faith    .   (no shield)
rNeg    . . .      Spirit   .   (helmet restricted)
rPois   .          Reflect  .   (no amulet)
rElec   .          Harm     .   d - +6 ring of dexterity
rCorr   .          Rampage  .   (no ring)
Will    .....                   (no ring)
Stlth   ++++......              (no ring)
HPRegen 0.11/turn               (no ring)
MPRegen 0.11/turn               (no ring)
                                (no ring)
                                (no ring)

@: no status effects
A: almost no armour, amphibious, 8 rings, camouflage 1, gelatinous body 1,
(nimble swimmer 1), tentacles
a: no special abilities


You were on level 4 of the Dungeon.
You visited 1 branch of the dungeon, and saw 4 of its levels.

You collected 238 gold pieces.

Inventory:

Hand Weapons
 a - a +1 short sword of flaming (weapon)
 b - a +0 sling
 q - a +1 long sword of holy wrath
 r - a +0 vampiric hand axe
Missiles
 g - 6 poisoned darts
Armour
 c - a +0 tower shield
Jewellery
 d - a +6 ring of dexterity (left tentacle)
Scrolls
 i - 2 scrolls of identify {unknown}
 j - 2 scrolls of teleportation {unknown}
 k - 3 scrolls of blinking {unknown}
 n - a scroll of fog {unknown}
 p - a scroll of immolation {unknown}
Potions
 f - a potion of might {unknown}
 h - a potion of lignification {unknown}
 l - a potion of magic
 m - a potion of degeneration {unknown}
 o - a potion of mutation {unknown}
 s - 2 potions of curing {unknown}
 t - a potion of heal wounds {unknown}


   Skills:
 + Level 1.9 Fighting
 + Level 3.1 Dodging
 + Level 4.3 Stealth
 + Level 2.9 Spellcasting
 + Level 4.6 Ice Magic


You had 5 spell levels left.
You knew the following spells:

 Your Spells              Type           Power      Damage    Failure   Level
a - Freeze                Ice            84%        1d10      1%          1
b - Frozen Ramparts       Ice            42%        1d7       6%          3

Your spell library contained the following spells:

 Spells                   Type           Power      Damage    Failure   Level
 Ozocubu's Armour         Ice            21%        N/A       6%          3
 Slow                     Hex            8%         N/A       14%         1
 Summon Small Mammal      Summ           8%         N/A       14%         1
 Sublimation of Blood     Necr           2%         N/A       22%         2
 Wereblood                Tmut           2%         N/A       22%         2
 Call Canine Familiar     Summ           2%         N/A       41%         3
 Confusing Touch          Hex            2%         N/A       41%         3
 Summon Guardian Golem    Hex/Summ       2%         N/A       41%         3
 Vampiric Draining        Necr           2%         2d6       41%         3
 Hailstorm                Conj/Ice       12%        3d5       50%         4
 Blade Hands              Tmut           1%         N/A       99%         5
 Iron Shot                Conj/Erth      1%         9d1       100%        6
 Orb of Destruction       Conj           1%         9d5       100%        7
 Spellforged Servitor     Conj/Summ      1%         N/A       100%        7
 Summon Hydra             Summ           1%         N/A       100%        7
 Animate Armour           Summ/Erth      Unusable   N/A       N/A         4

Dungeon Overview and Level Annotations

Branches:
Dungeon (4/15)
 Temple: D:4-7

Altars:
Cheibriados
Fedhas
Okawaru
Trog
Uskayaw

Annotations:
D:2 1 runed translucent door, Crazy Yiuf


Innate Abilities, Weirdness & Mutations

You cannot wear most types of armour.
You are amphibious.
You can wear up to eight rings at the same time.
Your skin changes colour to match your surroundings (Stealth+).
Your rubbery body absorbs attacks. (AC +1, EV +1)
((You are camouflaged when in or above water. (Stealth+)))
You have tentacles for arms and can constrict up to eight enemies at once.


Message History

Your frozen ramparts will break if you move.
Continue?
Okay, then.
You hit the centaur zombie. You burn the centaur zombie.
The centaur zombie is lightly damaged.
The centaur zombie hits you.
* * * LOW HITPOINT WARNING * * *
The centaur zombie closely misses you. x3
You hit the centaur zombie. You burn the centaur zombie.
The centaur zombie is lightly damaged.
The centaur zombie hits you.
* * * LOW HITPOINT WARNING * * *
The centaur zombie kicks you but does no damage.
You hit the centaur zombie. You burn the centaur zombie.
The centaur zombie is moderately damaged.
The centaur zombie closely misses you. The centaur zombie kicks you.
* * * LOW HITPOINT WARNING * * *
The centaur zombie closely misses you. The centaur zombie misses you.
Your frozen ramparts will break if you move.
Continue?
The frozen ramparts melt away as you move.
The centaur zombie hits you.
* * * LOW HITPOINT WARNING * * *
The centaur zombie kicks you.
* * * LOW HITPOINT WARNING * * *
Casting: Frozen Ramparts (dangerous; 6% risk of failure)
Confirm with . or Enter, or press ? or * to list all spells.
Aiming: Freeze (safe; 1% risk of failure)
Press: ? - help, Shift-Dir - straight line, f - centaur zombie
Aim: a centaur zombie (moderately damaged)
You freeze the centaur zombie but do no damage.
The centaur zombie completely resists.
The centaur zombie misses you.
The centaur zombie kicks you but does no damage.
You hit the centaur zombie. You burn the centaur zombie.
You squeeze the centaur zombie.
The centaur zombie is severely damaged.
The centaur zombie misses you. The centaur zombie barely misses you.
As you read the scroll labelled OQOVUL NU ROIB, it crumbles to dust.
You assume a fearsome visage.
The centaur zombie is unaffected.
The scorpion zombie is unaffected.
It was a scroll of fear.
The centaur zombie barely misses you. x2; The scorpion zombie hits you.
You die...

..#..#.............#.
...#.##......<........
.##...........[.......#.
.........#.......<....#
.....##...........#..##
..................####
...........#(....##
...........#..####
.......@Z....##
........Z.....#
.#............P..#
.................#
##...........P...#
#................#
#.........$......#
.............#####


You could see a scorpion zombie and a centaur zombie.

Vanquished Creatures
  A centaur skeleton (D:4)
  An orc priest (D:3)
  4 adders
  An adder skeleton (D:4)
  2 worms (D:2)
  2 dart slugs (D:2)
  7 orcs
  12 ball pythons
  4 bats
  8 endoplasms
  3 giant cockroaches (D:2)
  5 goblins
  4 hobgoblins
  A jackal (D:2)
  4 kobolds (D:1)
  A quokka (D:2)
  3 frilled lizards
  A jackal skeleton (D:4)
  3 rats
67 creatures vanquished.

Notes
Turn   | Place    | Note
-------+----------+-------------------------------------------
     0 | D:1      | croobank the Octopode Ice Elementalist began the quest for
                  | the Orb.
     0 | D:1      | Reached XP level 1. HP: 11/11 MP: 3/3
   161 | D:1      | Reached XP level 2. HP: 16/17 MP: 1/5
   921 | D:1      | Reached XP level 3. HP: 22/22 MP: 6/6
   925 | D:1      | Learned a level 3 spell: Frozen Ramparts
  1197 | D:2      | Reached skill level 1 in Fighting
  1506 | D:2      | Reached XP level 4. HP: 21/28 MP: 1/7
  2078 | D:2      | Found a faded altar of an unknown god.
  2867 | D:2      | Found a runed translucent door.
  2868 | D:2      | Noticed Crazy Yiuf
  2896 | D:3      | Reached XP level 5. HP: 29/33 MP: 2/9
  3071 | D:3      | Found a hide-covered altar of Uskayaw.
  3071 | D:3      | Found an iron altar of Okawaru.
  3072 | D:3      | Found a blossoming altar of Fedhas.
  3222 | D:3      | Found a snail-covered altar of Cheibriados.
  3223 | D:3      | Found a bloodstained altar of Trog.
  3787 | D:4      | Slain by a scorpion zombie

Illustrated notes

Levels and vault maps discovered:
D:1:      matt_arrival_los_fun, layout_rooms, serial_bayou_pond_d
D:2:      layout_basic, hellmonk_ecumenical_altar_defaced_shrine,
          minmay_cut_off, uniq_crazy_yiuf_cottage
D:3:      layout_loops_ring, gammafunk_temple_overflow_claw,
          nicolae_overflow_squiral, serial_bayou_pond_d
D:4:      layout_cave_pools, ebering_ghost_disaster_area, serial_undead,
          serial_undead_e, serial_undead_f, serial_undead_d, serial_undead_a,
          serial_undead_d, serial_undead_b, serial_undead_a, serial_undead_e,
          chequers_serial_rivers_micro_a, minmay_misc_feat_cross

Skill      XL: |  1  2  3  4  5 |
---------------+----------------+-----
Stealth        | 3 4 |  4.3
Fighting       | 1 |  1.9
Dodging        | 3 |  3.1
Spellcasting   | |  2.9
Ice Magic      | |  4.6

Action                   |  1- 3 |  4- 6 || total
-------------------------+-------+-------++-------
Melee: Short sword       |    29 |    44 ||    73
       Constrict         |     6 |     7 ||    13
       Tentacles         |     3 |     6 ||     9
       Punch             |       |     1 ||     1
 Fire: Sling             |    19 |    11 ||    30
 Cast: Freeze            |    14 |     9 ||    23
       Frozen Ramparts   |     4 |    12 ||    16
  Use: Scroll            |       |     1 ||     1
 Stab: Sleeping          |     6 |     7 ||    13
Armor: Skin              |     4 |     9 ||    13
Dodge: Dodged            |    33 |    66 ||    99
